 Dungeon Crawl Stone Soup version 0.27-a0-538-g15ff5c5295 (webtiles) character file.

Game seed: 18373142315903050072

16391 HoaS the Grappler (level 11, -9/81 (94) HPs)
             Began as a Demigod Gladiator on Mar 6, 2021.
             Mangled by an orc knight
             ... wielding a +3 great sword of draining
              (30 damage)
             ... on level 2 of the Orcish Mines.
             The game lasted 00:34:51 (16482 turns).

HoaS the Grappler (Demigod Gladiator)              Turns: 16482, Time: 00:34:52

HP:   -9/81 (94)    AC: 19    Str: 23    XL:     11   Next: 80%
MP:   14/14         EV: 13    Int: 12    God:
Gold: 994           SH:  0    Dex: 19    Spells: 10/10 levels left

rFire    . . .     SeeInvis .     - Unarmed
rCold    . . .     Faith    .   (no shield)
rNeg     . . .     Spirit   .   H - +1 chain mail of Negation {Regen+ Int+2}
rPois    +         Reflect  .   b - +0 helmet
rElec    .         Harm     .   x - +2 cloak
rCorr    .         Rampage  .   A - +0 pair of gloves
Will     +....                  r - +0 pair of boots
Stlth    ..........             F - amulet of regeneration
HPRegen  2.23/turn              s - ring of poison resistance
MPRegen  0.14/turn              (no ring)

@: hasted, heavily drained, very quick
A: high mp 1, forlorn
a: no special abilities


You were on level 2 of the Orcish Mines.
You visited 2 branches of the dungeon, and saw 13 of its levels.
You also visited: Sewer.

You collected 994 gold pieces.

Inventory:

Missiles
 e - 5 javelins (quivered)
 f - 60 poisoned darts
 k - 8 boomerangs of dispersal
 y - 23 boomerangs
 D - 5 curare-tipped darts
Armour
 b - a +0 helmet (worn)
 q - a scarf of resistance
 r - a +0 pair of boots (worn)
 x - a +2 cloak (worn)
 A - a +0 pair of gloves (worn)
 H - the +1 chain mail of Negation (worn) {Regen+ Int+2}
   (You found it on level 2 of the Orcish Mines)

   It affects your intelligence (+2).
   It increases your rate of regeneration.
Jewellery
 s - a ring of poison resistance (left hand)
 F - an amulet of regeneration (around neck)
Wands
 a - a wand of polymorph (2)
 d - a wand of random effects (19)
 p - a wand of iceblast (16)
 t - a wand of digging (5)
Scrolls
 c - a scroll of magic mapping
 l - 6 scrolls of teleportation
Potions
 g - 3 potions of resistance
 i - 3 potions of lignification
 j - 2 potions of cancellation
 n - 3 potions of mutation
 o - a potion of attraction
 u - a potion of haste
 z - a potion of berserk rage
 C - a potion of ambrosia
 G - 2 potions of flight
Miscellaneous
 h - a lightning rod (4/4)


   Skills:
 + Level 8.2 Fighting
 - Level 1.7 Throwing
 + Level 8.2 Armour
 + Level 8.2 Dodging
 * Level 12.1 Unarmed Combat


You had 10 spell levels left.
You didn't know any spells.
Your spell library contained the following spells:

 Spells                   Type           Power      Damage    Failure   Level
 Animate Armour           Summ/Erth      0%         N/A       100%        4
 Leda's Liquefaction      Hex/Erth       0%         N/A       100%        4
 Bolt of Magma            Conj/Fire/Erth 0%         4d4       100%        5
 Iron Shot                Conj/Erth      0%         9d1       100%        6
 Statue Form              Tmut/Erth      0%         N/A       100%        6
 Shatter                  Erth           0%         3d5*      100%        9


Dungeon Overview and Level Annotations

Branches:
Dungeon (11/15)            Temple (0/1) D:5             Orc (2/2) D:9
    Elf (0/3) Orc:2         Sewer (visited)
   Lair: D:8-11

Shops:
D:9 [   D:11 !   Orc:1 :   Orc:2 =:

Annotations:
D:7 exclusion: oklob plant
D:9 exclusion: 2 doors


Innate Abilities, Weirdness & Mutations

Your attributes grow dramatically as you level up.
You have an increased reservoir of magic. (+10% MP)
You shall have no god before yourself.


Message History

You feel yourself speed up.
The orc knight roars a battlecry!
The orc knight goes into a battle-frenzy!
You swing at nothing.
You hit the orc knight.
The orc knight is lightly wounded.
You hit the orc knight but do no damage.
Your punch misses the orc knight.
The orc knight is lightly wounded.
The orc knight hits you with a +3 great sword of draining!!!
You feel drained.
You hit the orc knight but do no damage.
The orc knight is lightly wounded.
You closely miss the orc knight.
The orc knight is lightly wounded.
You hit the orc knight but do no damage.
The orc knight is lightly wounded.
The orc knight hits you but does no damage.
You feel drained.
You punch the orc knight!
The orc knight is lightly wounded.
You closely miss the orc knight.
The orc knight is lightly wounded.
The orc knight hits you with a +3 great sword of draining!!
* * * LOW HITPOINT WARNING * * *
You feel drained.
* * * LOW HITPOINT WARNING * * *
You punch the orc knight!
The orc knight is moderately wounded.
You hit the orc knight but do no damage.
The orc knight is moderately wounded.
You barely miss the orc knight.
The orc knight is moderately wounded.
The orc knight barely misses you.
You closely miss the orc knight.
The orc knight is moderately wounded.
You punch the orc knight!
The orc knight is heavily wounded.
The orc knight hits you with a +3 great sword of draining!!
You die...

.#.#####.# #.....#.#
#####....# #.._..'.#
##......# #.....#.#
........########)###.#
.........#.....#.....#
.)..<....#.....#.#####
.........#..⌠..'.#..∩#
.........#.....#.)...#
#........#.))).#@#...#
###......###'###o#####
.###...........#o#
..##...........#.'..o#
#####.........##.#..∩#
.##.###)......##+#####
#....##)......##
.....#.........#
...............#


You could see 2 orc knights.

Vanquished Creatures
  An orc warlord (Orc:2)
  3 two-headed ogres (Orc:2)
  Pikel (D:6)
  2 orc knights (Orc:2)
  3 orc sorcerers (Orc:2)
  A cane toad (shapeshifter) (D:9)
  4 trolls (Orc:2)
  Grinder (D:5)
  3 wyverns (D:10)
  A wraith (D:6)
  5 wargs
  Purgy (Sewer)
  An ice beast (D:6)
  31 orc warriors
  2 sky beasts
  A black bear (D:8)
  12 ogres
  A centaur (D:10)
  A lemure (D:6)
  3 phantoms
  A kobold brigand (D:7)
  5 bullfrogs
  A gnoll sergeant (D:7)
  A scorpion (D:6)
  11 wights
  13 killer bees
  An electric eel (D:7)
  3 howler monkeys
  3 centaur zombies
  A lava snake (D:7)
  18 orc priests
  Crazy Yiuf (D:7)
  4 hounds
  A bullfrog skeleton (D:4)
  2 iguanas (D:7)
  Jessica (D:3)
  Terence (D:2)
  11 orc wizards
  4 worker ants
  2 killer bee zombies
  A hound zombie (D:8)
  A worker ant zombie (D:5)
  3 gnolls
  9 adders
  A river rat (D:4)
  A white imp (D:6)
  3 ufetubi
  2 oozes
  An adder zombie (D:9)
  4 adder skeletons
  5 worms
  6 dart slugs
  9 leopard geckos
  87 orcs
  6 giant cockroaches
  11 goblins
  5 hobgoblins
  11 jackals
  23 kobolds
  3 quokkas
  11 bats
  5 frilled lizards
  A quokka skeleton (D:5)
  8 rats
380 creatures vanquished.

Vanquished Creatures (others)
  2 plants (D:9)
2 creatures vanquished.

Grand Total: 382 creatures vanquished

Notes
Turn   | Place    | Note
-------+----------+-------------------------------------------
     0 | D:1      | HoaS the Demigod Gladiator began the quest for the Orb.
     0 | D:1      | Reached XP level 1. HP: 17/17 MP: 3/3
    76 | D:1      | Reached skill level 3 in Unarmed Combat
    93 | D:1      | Reached XP level 2. HP: 19/24 MP: 4/4
   543 | D:1      | Reached XP level 3. HP: 22/29 MP: 5/5
   650 | D:1      | Reached skill level 4 in Unarmed Combat
  1335 | D:2      | Noticed Terence
  1372 | D:2      | Reached XP level 4. HP: 21/36 MP: 6/6
  1378 | D:2      | Killed Terence
  1393 | D:2      | Reached skill level 5 in Unarmed Combat
  2764 | D:3      | Noticed Jessica
  2780 | D:3      | Killed Jessica
  2781 | D:3      | Reached XP level 5. HP: 15/41 MP: 7/7
  3162 | D:3      | Reached skill level 6 in Unarmed Combat
  3715 | D:3      | HP: 1/35 [wight/+5 morningstar (12)]
  3717 | D:3      | Reached skill level 1 in Armour
  3717 | D:3      | Reached XP level 6. HP: 2/44 MP: 8/8
  4951 | D:4      | Found a glowing drain.
  4955 | Sewer    | Entered a sewer
  4998 | Sewer    | Noticed Purgy
  5014 | Sewer    | Killed Purgy
  5526 | D:5      | Entered Level 5 of the Dungeon
  5555 | D:5      | Reached XP level 7. HP: 57/57 MP: 9/9
  5586 | D:5      | Noticed Grinder
  5622 | D:5      | Paralysed by Grinder for 4 turns
  5629 | D:5      | Paralysed by Grinder for 3 turns
  5650 | D:5      | Killed Grinder
  5929 | D:5      | Found a staircase to the Ecumenical Temple.
  6529 | D:6      | Noticed a wraith
  6536 | D:6      | Killed a wraith
  6537 | D:6      | Reached skill level 7 in Unarmed Combat
  6537 | D:6      | Reached XP level 8. HP: 56/66 MP: 10/10
  6916 | D:6      | Noticed Pikel
  6954 | D:6      | Killed Pikel
  7074 | D:6      | Reached skill level 8 in Unarmed Combat
  7367 | D:6      | Reached skill level 5 in Armour
  7367 | D:6      | Reached XP level 9. HP: 35/73 MP: 11/11
  7380 | D:6      | Reached skill level 5 in Fighting
  7380 | D:6      | Reached skill level 5 in Dodging
  8115 | D:7      | Noticed an oklob plant
  8679 | D:7      | Found a runed translucent door.
  8680 | D:7      | Noticed Crazy Yiuf
  9466 | D:7      | Killed Crazy Yiuf
  9680 | D:8      | Reached skill level 9 in Unarmed Combat
 10391 | D:9      | Found Nidumom's Armour Shop.
 10506 | D:9      | Found a staircase to the Orcish Mines.
 10668 | D:9      | Noticed a cane toad
 10673 | D:9      | Killed a cane toad
 11250 | D:10     | Entered Level 10 of the Dungeon
 11598 | D:10     | Reached XP level 10. HP: 71/83 MP: 13/13
 12106 | D:10     | Reached skill level 10 in Unarmed Combat
 12764 | D:11     | Found Duniat's Distillery.
 12764 | D:11     | Noticed a catoblepas
 12764 | D:11     | Noticed a brown ugly thing
 12765 | D:11     | Noticed a fire dragon
 12825 | Orc:1    | Entered Level 1 of the Orcish Mines
 13266 | Orc:1    | Found Roruaf's Book Boutique.
 13402 | Orc:2    | Entered Level 2 of the Orcish Mines
 13577 | Orc:2    | Noticed a two-headed ogre
 13598 | Orc:2    | Killed a two-headed ogre
 14004 | Orc:2    | Noticed a two-headed ogre
 14026 | Orc:2    | Killed a two-headed ogre
 14928 | Orc:2    | Reached skill level 11 in Unarmed Combat
 14928 | Orc:2    | Reached XP level 11. HP: 78/92 MP: 11/14
 15159 | Orc:2    | Identified the +1 chain mail of Negation {Regen+ Int+2}
 15232 | Orc:2    | Noticed a two-headed ogre
 15252 | Orc:2    | Killed a two-headed ogre
 15333 | Orc:2    | Noticed a sixfirhy
 15493 | Orc:2    | Found a staircase to the Elven Halls.
 15773 | Orc:2    | Noticed an orc warlord
 15854 | Orc:2    | Killed an orc warlord
 16322 | Orc:2    | Noticed an orc knight
 16353 | Orc:2    | Killed an orc knight
 16354 | Orc:2    | Reached skill level 12 in Unarmed Combat
 16407 | Orc:2    | Noticed an orc knight
 16442 | Orc:2    | Killed an orc knight
 16455 | Orc:2    | Found Lenkogy's Jewellery Boutique.
 16466 | Orc:2    | Found Boraap's Book Shop.
 16466 | Orc:2    | Noticed an orc knight
 16466 | Orc:2    | Noticed an orc knight
 16482 | Orc:2    | Mangled by an orc knight

Illustrated notes

Levels and vault maps discovered:
D:1:      roderic_chinese_lattice_arrival, layout_basic, interstate_on_off,
          minmay_surrounded
D:2:      layout_rooms, chequers_ecumenical_altar_simple, uniq_terence
D:3:      layout_basic, fedhas_ov_isle_minmay, uniq_jessica
D:4:      layout_gridville, gup_sewer_entry_spiral
D:5:      layout_basic, lemuel_temple_firewalk_b, serial_glass, glass_columns_a,
          glass_columns_a, amcnicky_altar_gilded, uniq_grinder
D:6:      layout_loops_ring, lemuel_blue_sif_altar, uniq_pikel
D:7:      layout_loops_ring, nicolae_lava_and_water, lemuel_oklob_altar,
          uniq_crazy_yiuf_cottage
D:8:      layout_rooms, grunt_ministairs_13
D:9:      cheibrodos_two_vegetables, layout_loops_cross, david_orc_2,
          basic_altar, serial_shops, shop_statue
D:10:     layout_irregular_city, eino_jars
D:11:     minmay_polygon_palace, layout_cave_pools, minmay_lair_entry_grove,
          portal_ice_cave_entry_pillars_1, serial_shops, shop,
          minmay_the_grid_square_5x5_3x3_mashed [minmay_the_grid_square_5x5_meh,
          minmay_the_grid_square_5x5_fancy_junction,
          minmay_the_grid_square_5x5_inner_v,
          minmay_the_grid_square_5x5_minimal,
          minmay_the_grid_square_5x5_megaprize_checkered,
          minmay_the_grid_square_5x5_minibox,
          minmay_the_grid_square_5x5_shrine1,
          minmay_the_grid_square_5x5_detours,
          minmay_the_grid_square_5x5_inner_z]
Orc:1:    layout_diamond_mine, serial_shops, nicolae_shop_behind_doors,
          uniq_erica
Orc:2:    pubby_orc_utopia

Skill      XL: |  1  2  3  4  5  6  7  8  9 10 11 |
---------------+----------------------------------+-----
Unarmed Combat | 3 4 5 6 7 8 9 11 12 | 12.1
Fighting       | 2 3 4 6 7 8 |  8.2
Armour         | 1 3 4 5 6 7 8 |  8.2
Dodging        | 3 4 6 7 8 |  8.2
Throwing       | |  1.7

Action                   |  1- 3 |  4- 6 |  7- 9 | 10-12 || total
-------------------------+-------+-------+-------+-------++-------
Melee: Unarmed           |   183 |   349 |   546 |   707 ||  1785
       Punch             |     1 |    12 |    19 |    51 ||    83
Throw: Throwing net      |       |     3 |     4 |     2 ||     9
       Javelin           |       |       |       |     8 ||     8
       Boomerang         |       |       |       |     2 ||     2
Evoke: Wand              |       |       |     6 |     2 ||     8
  Use: Scroll            |     5 |     6 |     7 |     4 ||    22
       Potion            |       |     1 |     4 |     4 ||     9
 Stab: Held in net/web   |       |       |       |     3 ||     3
Armor: Leather armour    |    22 |       |       |       ||    22
       Scale mail        |    48 |     7 |       |       ||    55
       Chain mail        |       |    37 |       |   129 ||   166
       Plate armour      |       |   120 |   284 |   213 ||   617
       Troll leather arm |       |       |       |     2 ||     2
Dodge: Dodged            |   113 |    98 |   207 |   355 ||   773

Table legend: (Time is in decaauts)
 A = Elapsed time spent in this place.
 B = Non-inter-level travel time spent in this place.
 C = Inter-level travel time spent in this place.
 D = Time resting spent in this place.
 E = Time spent auto-exploring this place.
 F = Levels seen in this place.
 G = Mean time per level.
                   A        B        C        D        E       F      G
               +--------+--------+--------+--------+--------+-----+--------+
         Total |  16267 |  15836 |    431 |   5716 |   6823 |  14 | 1161.9 |
       Dungeon |  12602 |  12216 |    386 |   4242 |   5818 |  11 | 1145.6 |
  Orcish Mines |   3306 |   3261 |     45 |   1280 |    898 |   2 | 1653.0 |
         Sewer |    358 |    358 |      0 |    194 |    106 |   1 |  358.0 |
               +--------+--------+--------+--------+--------+-----+--------+

Top non-repeatable levels by time:
   Orc:2: 2787 daAuts
     D:7: 1878 daAuts
     D:3: 1755 daAuts
     D:9: 1393 daAuts
     D:2: 1326 daAuts
    D:10: 1322 daAuts
     D:6: 1302 daAuts
     D:1: 1269 daAuts
     D:5: 973 daAuts
     D:4: 806 daAuts
     D:8: 571 daAuts
   Orc:1: 519 daAuts
   Sewer: 358 daAuts
    D:11: 1 daAuts
